TOP OF THE 1ST |
Mexico City Cerveceros batting - Pitching for Santa Monica Bruins : RHP Vicente Calderón
|
Pitching: RHP Vicente Calderón
|
|
Batting: RHB Juan Estrada
|
0-0: Called Strike 0-1: Ball 1-1: Foul Ball, location: 2F 1-2: Fly out, F5 (Popup, 5)
|
Batting: RHB John Dinkins
|
0-0: Ball 1-0: SINGLE (Groundball, 6D)
|
Batting: LHB Mike Harris
|
0-0: Ball 1-0: Called Strike 1-1: Ball 2-1: Fly out, F9 (Flyball, 9S)
|
Batting: LHB Dan Hamilton
|
0-0: Ball 1-0: Swinging Strike 1-1: Called Strike 1-2: Ball 2-2: SINGLE (Line Drive, 34D) John Dinkins to second
|
Batting: RHB Esteban Concepción
|
0-0: Ball 1-0: Foul Ball, location: 2F 1-1: Called Strike 1-2: Ball 2-2: DOUBLE (Flyball, 8RXD) John Dinkins scores Dan Hamilton to third
|
Batting: RHB Henning Huisman
|
0-0: Foul Ball, location: 2F 0-1: Called Strike 0-2: Ground out 6-3 (Groundball, 6)
|
Top of the 1st over - 1 run, 3 hits, 0 errors, 2 left on base; Mexico City 1 - Santa Monica 0 |
BOTTOM OF THE 1ST |
Santa Monica Bruins batting - Pitching for Mexico City Cerveceros : RHP Luis Castillo
|
Pitching: RHP Luis Castillo
|
|
Batting: LHB Gonzalo Benítez
|
0-0: Ball 1-0: Ball 2-0: Ball 3-0: Base on Balls
|
Batting: RHB Javier González
|
0-0: Ball 1-0: Grounds into double play, 4-6-3 (Groundball, 4)
|
Batting: RHB Johnny Williams
|
0-0: Foul Ball, location: 2F 0-1: Called Strike 0-2: Ball 1-2: Foul Ball, location: 2F 1-2: Foul Ball, location: 2F 1-2: Ball 2-2: Ground out 6-3 (Groundball, 6)
|
Bottom of the 1st over - 0 runs, 0 hits, 0 errors, 0 left on base; Mexico City 1 - Santa Monica 0 |
TOP OF THE 2ND |
Mexico City Cerveceros batting - Pitching for Santa Monica Bruins : RHP Vicente Calderón
|
Batting: LHB John Bond
|
0-0: Called Strike 0-1: Foul Ball, location: 2F 0-2: Ground out 5-3 (Groundball, 5)
|
Batting: RHB Robinson Pacheco
|
0-0: Ball 1-0: Swinging Strike 1-1: Ball 2-1: Swinging Strike 2-2: Strikes out swinging
|
Batting: RHB Eliot James
|
0-0: Called Strike 0-1: Ball 1-1: Foul Ball, location: 2F 1-2: Ground out 6-3 (Groundball, 6)
|
Top of the 2nd over - 0 runs, 0 hits, 0 errors, 0 left on base; Mexico City 1 - Santa Monica 0 |
BOTTOM OF THE 2ND |
Santa Monica Bruins batting - Pitching for Mexico City Cerveceros : RHP Luis Castillo
|
Batting: RHB Luis Martínez
|
0-0: Ground out 3-1 (Groundball, 2R)
|
Batting: LHB Jorge Souza
|
0-0: Ball 1-0: Called Strike 1-1: Swinging Strike 1-2: Ball 2-2: Ball 3-2: Fly out, F7 (Flyball, 78D)
|
Batting: LHB Michael Myers
|
0-0: Called Strike 0-1: Ball 1-1: Ball 2-1: Ball 3-1: Base on Balls
|
Batting: RHB John Nelson
|
0-0: Foul Ball, location: 2F 0-1: Fielders Choice at 2nd, 5-4 (Groundball, 56)
|
Bottom of the 2nd over - 0 runs, 0 hits, 0 errors, 1 left on base; Mexico City 1 - Santa Monica 0 |
TOP OF THE 3RD |
Mexico City Cerveceros batting - Pitching for Santa Monica Bruins : RHP Vicente Calderón
|
Batting: RHB Juan Estrada
|
0-0: Called Strike 0-1: Swinging Strike 0-2: Ball 1-2: Ball 2-2: SINGLE (Flyball, 89S)
|
Batting: RHB John Dinkins
|
0-0: Ball Passed Ball! Juan Estrada to second 1-0: Ground out 5-3 (Groundball, 5)
|
Batting: LHB Mike Harris
|
0-0: Fly out, F8 (Flyball, 8RD) Runner from 2nd tags up, SAFE at 3rd with throw
|
Batting: LHB Dan Hamilton
|
0-0: Called Strike 0-1: Ball 1-1: Ball 2-1: Called Strike 2-2: Fly out, F7 (Flyball, 78D)
|
Top of the 3rd over - 0 runs, 1 hit, 0 errors, 1 left on base; Mexico City 1 - Santa Monica 0 |
BOTTOM OF THE 3RD |
Santa Monica Bruins batting - Pitching for Mexico City Cerveceros : RHP Luis Castillo
|
Batting: RHB Victor Andrews
|
0-0: Called Strike 0-1: Ball 1-1: Foul Ball, location: 2F 1-2: Ball 2-2: Foul Ball, location: 2F 2-2: Strikes out swinging
|
Batting: RHB Matt O'Rourke
|
0-0: Ball 1-0: Ball 2-0: Swinging Strike 2-1: Foul Ball, location: 2F 2-2: Strikes out swinging
|
Batting: LHB Gonzalo Benítez
|
0-0: Called Strike 0-1: Ground out 4-3 (Groundball, 4)
|
Bottom of the 3rd over - 0 runs, 0 hits, 0 errors, 0 left on base; Mexico City 1 - Santa Monica 0 |
TOP OF THE 4TH |
Mexico City Cerveceros batting - Pitching for Santa Monica Bruins : RHP Vicente Calderón
|
Batting: RHB Esteban Concepción
|
0-0: Ball 1-0: Called Strike 1-1: Ball 2-1: Fly out, F9 (Flyball, 9LS)
|
Batting: RHB Henning Huisman
|
0-0: Called Strike 0-1: Ball 1-1: Fly out, F7 (Flyball, 8LS)
|
Batting: LHB John Bond
|
0-0: Ball 1-0: Called Strike 1-1: Fly out, F8 (Flyball, 8RXD)
|
Top of the 4th over - 0 runs, 0 hits, 0 errors, 0 left on base; Mexico City 1 - Santa Monica 0 |
BOTTOM OF THE 4TH |
Santa Monica Bruins batting - Pitching for Mexico City Cerveceros : RHP Luis Castillo
|
Batting: RHB Javier González
|
0-0: Called Strike 0-1: Called Strike 0-2: Foul Ball, location: 2F 0-2: Foul Ball, location: 2F 0-2: Foul Ball, location: 2F 0-2: Fly out, F2 (Popup, 2RF)
|
Batting: RHB Johnny Williams
|
0-0: Called Strike 0-1: Ball 1-1: Foul Ball, location: 2F 1-2: Foul Ball, location: 2F 1-2: Ball 2-2: Ball 3-2: SOLO HOME RUN (Flyball, 7D), Distance : 358 ft
|
Batting: RHB Luis Martínez
|
0-0: Foul Ball, location: 2F 0-1: Foul Ball, location: 2F 0-2: Ball 1-2: Ball 2-2: Fly out, F7 (Flyball, 7)
|
Batting: LHB Jorge Souza
|
0-0: Ball 1-0: Called Strike 1-1: SINGLE (Groundball, 56S) (infield hit)
|
Batting: LHB Michael Myers
|
0-0: Foul Ball, location: 2F 0-1: Swinging Strike 0-2: Ball 1-2: Foul Ball, location: 2F 1-2: Hit by Pitch Jorge Souza to second
|
Pinch Runner at 1st Ernest Russell:
|
|
Batting: RHB John Nelson
|
0-0: Called Strike 0-1: Fly out, F5 (Line Drive, 5L)
|
Bottom of the 4th over - 1 run, 2 hits, 0 errors, 2 left on base; Mexico City 1 - Santa Monica 1 |
TOP OF THE 5TH |
Mexico City Cerveceros batting - Pitching for Santa Monica Bruins : RHP Vicente Calderón
|
Now at 2B: Ernest Russell
|
|
Batting: RHB Robinson Pacheco
|
0-0: Foul Ball, location: 2F 0-1: Swinging Strike 0-2: Strikes out swinging
|
Batting: RHB Eliot James
|
0-0: Called Strike 0-1: Ground out 1-3 (Groundball, P)
|
Batting: RHB Juan Estrada
|
0-0: Ball 1-0: Foul Ball, location: 2F 1-1: Fly out, F9 (Flyball, 9D)
|
Top of the 5th over - 0 runs, 0 hits, 0 errors, 0 left on base; Mexico City 1 - Santa Monica 1 |
BOTTOM OF THE 5TH |
Santa Monica Bruins batting - Pitching for Mexico City Cerveceros : RHP Luis Castillo
|
Batting: RHB Victor Andrews
|
0-0: Fly out, F7 (Flyball, 7)
|
Batting: RHB Matt O'Rourke
|
0-0: Called Strike 0-1: Ball 1-1: Ground out 5-3 (Groundball, 5)
|
Batting: LHB Gonzalo Benítez
|
0-0: Ball 1-0: Ball 2-0: Called Strike 2-1: Called Strike 2-2: Strikes out looking
|
Bottom of the 5th over - 0 runs, 0 hits, 0 errors, 0 left on base; Mexico City 1 - Santa Monica 1 |
TOP OF THE 6TH |
Mexico City Cerveceros batting - Pitching for Santa Monica Bruins : RHP Vicente Calderón
|
Batting: RHB John Dinkins
|
0-0: Ground out 4-3 (Groundball, 4M)
|
Batting: LHB Mike Harris
|
0-0: Ball 1-0: Called Strike 1-1: Ball 2-1: Ball 3-1: Ground out 6-3 (Groundball, 6M)
|
Batting: LHB Dan Hamilton
|
0-0: Ball 1-0: Called Strike 1-1: Fly out, F6 (Flyball, 56D)
|
Top of the 6th over - 0 runs, 0 hits, 0 errors, 0 left on base; Mexico City 1 - Santa Monica 1 |
BOTTOM OF THE 6TH |
Santa Monica Bruins batting - Pitching for Mexico City Cerveceros : RHP Luis Castillo
|
Batting: RHB Javier González
|
0-0: Swinging Strike 0-1: Ball 1-1: Swinging Strike 1-2: Strikes out swinging
|
Pitching: RHP Roberto Matoza
|
|
Batting: RHB Johnny Williams
|
0-0: Ball 1-0: Called Strike 1-1: Foul Ball, location: 2F 1-2: Foul Ball, location: 2F 1-2: Ball 2-2: Foul Ball, location: 2F 2-2: Foul Ball, location: 2F 2-2: Foul Ball, location: 2F 2-2: Foul Ball, location: 2F 2-2: Ball 3-2: SOLO HOME RUN (Flyball, 7LD), Distance : 327 ft
|
Batting: RHB Luis Martínez
|
0-0: Ball 1-0: Called Strike 1-1: Ball 2-1: Ground out 6-3 (Groundball, 6)
|
Batting: LHB Jorge Souza
|
0-0: Ball 1-0: Ground out 4-3 (Groundball, 4M)
|
Bottom of the 6th over - 1 run, 1 hit, 0 errors, 0 left on base; Mexico City 1 - Santa Monica 2 |
TOP OF THE 7TH |
Mexico City Cerveceros batting - Pitching for Santa Monica Bruins : RHP Vicente Calderón
|
Batting: RHB Esteban Concepción
|
0-0: Ball 1-0: Foul Ball, location: 2F 1-1: Ball 2-1: Foul Ball, location: 2F 2-2: Fly out, F5 (Line Drive, 5)
|
Batting: RHB Henning Huisman
|
0-0: Called Strike 0-1: Ball 1-1: Foul Ball, location: 2F 1-2: Ball 2-2: Strikes out swinging
|
Batting: LHB John Bond
|
0-0: DOUBLE (Line Drive, 3D)
|
Batting: RHB Robinson Pacheco
|
0-0: Ball 1-0: Foul Ball, location: 2F 1-1: Foul Ball, location: 2F 1-2: Ball 2-2: Ball 3-2: Foul Ball, location: 2F 3-2: Base on Balls
|
Batting: RHB Eliot James
|
0-0: Called Strike 0-1: Ball 1-1: Ball 2-1: Fly out, F8 (Flyball, 8LD)
|
Top of the 7th over - 0 runs, 1 hit, 0 errors, 2 left on base; Mexico City 1 - Santa Monica 2 |
BOTTOM OF THE 7TH |
Santa Monica Bruins batting - Pitching for Mexico City Cerveceros : RHP Roberto Matoza
|
Batting: RHB Ernest Russell
|
0-0: Ball 1-0: Foul Ball, location: 2F 1-1: Ball 2-1: Foul Ball, location: 2F 2-2: Ball 3-2: Base on Balls
|
Batting: RHB John Nelson
|
0-0: Ball 1-0: Fly out, F8 (Line Drive, 8RM)
|
Batting: RHB Victor Andrews
|
0-0: Ball Ernest Russell steals 2nd base 1-0: Intentional Walk
|
Pinch Hitting: RHB Pablo Peña
|
0-0: Ball 1-0: Foul Ball, location: 2F 1-1: Called Strike 1-2: Ball 2-2: Foul Ball, location: 2F 2-2: Foul Ball, location: 2F 2-2: SINGLE (Flyball, 9LS) Ernest Russell to third Victor Andrews to second Runner from 3rd tries for Home, SAFE, no throw
|
Pitching: LHP Rubén Rico
|
|
Pinch Hitting: RHB Armando Colón
|
0-0: Ball 1-0: Ball 2-0: Ball 3-0: Base on Balls Victor Andrews to third Pablo Peña to second
|
Batting: RHB Javier González
|
0-0: Ball 1-0: SINGLE (Groundball, 6MD) Victor Andrews scores Pablo Peña to third Armando Colón to second
|
Batting: RHB Johnny Williams
|
0-0: Foul Ball, location: 2F 0-1: Swinging Strike 0-2: Ball 1-2: Ball 2-2: Ball 3-2: Foul Ball, location: 2F 3-2: Foul Ball, location: 2F 3-2: Foul Ball, location: 2F 3-2: Base on Balls Pablo Peña scores Armando Colón to third Javier González to second
|
Batting: RHB Luis Martínez
|
0-0: Ball 1-0: Fly out, F8 (Flyball, 8LS) Runner from 3rd tags up, SCORES, no throw
|
Batting: LHB Jorge Souza
|
0-0: Fly out, F9 (Flyball, 9)
|
Bottom of the 7th over - 4 runs, 2 hits, 0 errors, 2 left on base; Mexico City 1 - Santa Monica 6 |
TOP OF THE 8TH |
Mexico City Cerveceros batting - Pitching for Santa Monica Bruins : RHP Vicente Calderón
|
Pitching: RHP Joe Shoemaker
|
|
Now at SS: Armando Colón
|
|
Now in CF: Jung-ha Kim
|
|
Batting: RHB Juan Estrada
|
0-0: Called Strike 0-1: Ball 1-1: Ball 2-1: Foul Ball, location: 2F 2-2: Ball 3-2: SINGLE (Line Drive, 8LS)
|
Batting: RHB John Dinkins
|
0-0: Ball 1-0: Called Strike 1-1: Ball 2-1: SINGLE (Groundball, 6S) (infield hit) Juan Estrada to second
|
Batting: LHB Mike Harris
|
0-0: Ball 1-0: Ball 2-0: SINGLE (Groundball, P) (infield hit) Juan Estrada to third John Dinkins to second
|
Batting: LHB Dan Hamilton
|
0-0: Ball 1-0: Foul Ball, location: 2F 1-1: Called Strike 1-2: Ball 2-2: Foul Ball, location: 2F 2-2: Foul Ball, location: 2F 2-2: Fly out, F9 (Flyball, 9D) Runner from 3rd tags up, SCORES, throw made
|
Batting: RHB Esteban Concepción
|
0-0: Ball 1-0: Fly out, F8 (Flyball, 8LD)
|
Batting: RHB Henning Huisman
|
0-0: Called Strike 0-1: Swinging Strike 0-2: Ball 1-2: Strikes out swinging
|
Top of the 8th over - 1 run, 3 hits, 0 errors, 2 left on base; Mexico City 2 - Santa Monica 6 |
BOTTOM OF THE 8TH |
Santa Monica Bruins batting - Pitching for Mexico City Cerveceros : LHP Rubén Rico
|
Batting: RHB Ernest Russell
|
0-0: Swinging Strike 0-1: Foul Ball, location: 2F 0-2: Foul Ball, location: 2F 0-2: Strikes out swinging
|
Batting: RHB John Nelson
|
0-0: Foul Ball, location: 2F 0-1: Ball 1-1: Ball 2-1: Ground out 4-3 (Groundball, 4)
|
Batting: RHB Victor Andrews
|
0-0: Ball 1-0: Ball 2-0: Called Strike 2-1: Reached on error, E6 (Groundball, 6S)
|
Batting: RHB Jung-ha Kim
|
0-0: Ball 1-0: Called Strike 1-1: Swinging Strike 1-2: Ball 2-2: Foul Ball, location: 2F 2-2: Ball 3-2: DOUBLE (Line Drive, 7LS) Victor Andrews scores
|
Batting: RHB Armando Colón
|
0-0: Ball 1-0: Ball 2-0: Swinging Strike 2-1: Foul Ball, location: 2F 2-2: Ball 3-2: Strikes out swinging
|
Bottom of the 8th over - 1 run, 1 hit, 1 error, 1 left on base; Mexico City 2 - Santa Monica 7 |
TOP OF THE 9TH |
Mexico City Cerveceros batting - Pitching for Santa Monica Bruins : RHP Joe Shoemaker
|
Batting: LHB John Bond
|
0-0: SOLO HOME RUN (Flyball, 7D), Distance : 360 ft
|
Pitching: RHP Soichiro Ikeda
|
|
Batting: RHB Robinson Pacheco
|
0-0: Ball 1-0: Ball 2-0: Ball 3-0: Base on Balls
|
Batting: RHB Eliot James
|
0-0: Ball 1-0: Foul Ball, location: 2F 1-1: SINGLE (Groundball, 6MD) Robinson Pacheco to second
|
Pitching: RHP Dave Riley
|
|
Batting: RHB Juan Estrada
|
0-0: Foul Ball, location: 2F 0-1: Ball 1-1: Swinging Strike 1-2: SINGLE (Groundball, 56S) (infield hit) Robinson Pacheco to third Eliot James to second
|
Batting: RHB John Dinkins
|
0-0: Swinging Strike 0-1: Ball 1-1: Ball 2-1: Fly out, F7 (Flyball, 7LS) Runner from 3rd tags up, SCORES, no throw
|
Batting: LHB Mike Harris
|
0-0: Ball 1-0: Swinging Strike 1-1: Fly out, F7 (Flyball, 7S)
|
Batting: LHB Dan Hamilton
|
0-0: Called Strike 0-1: Foul Ball, location: 2F 0-2: Ball 1-2: Strikes out swinging
|
Top of the 9th over - 2 runs, 3 hits, 0 errors, 2 left on base; Mexico City 4 - Santa Monica 7 |
|